Map: Orbital Shipyard

Players

Beastyqt - Winner!

  • Race: Terran Terran
  • League: Master

Dragon

  • Race: Terran Terran
  • League: Master

Event: Lycan League Weekly August #1

VOD

Have the link to the VOD?

Description

Time

  • Played on: Aug. 3, 2015, 2:29 p.m.
  • Length: 2:58

All games in this series

Show
View Real Time Build Order
Export as new Build Order

Beastyqt Terran - Winner!

Build Orders:  

Get SALT Encoding   

  13  0:09  Supply Depot  
  12  0:29  Refinery  
  12  0:33  Barracks  
  12  0:46  SCV  
  13  0:55  Barracks  
  13  1:01  SCV  
  14  1:20  Reaper  
  14  1:25  Orbital Command  
  15  1:46  Reaper  
  16  1:52  Reaper  
  17  2:03  Bunker  
  17  2:06  Bunker  
  15  2:18  Reaper  
  15  2:20  SCV  
  17  2:32  SCV  
  19  2:42  Refinery  
  19  2:44  SCV  
Show
View Real Time Build Order
Export as new Build Order

Dragon Terran 

Build Orders:  

Get SALT Encoding   

  12  0:01  SCV  
  13  0:14  SCV  
  14  0:17  Supply Depot  
  14  0:26  SCV  
  15  0:39  SCV  
  15  0:41  Barracks  
  16  0:48  Refinery  
  16  0:51  SCV  
  17  1:03  SCV  
  18  1:15  SCV  
  19  1:28  Orbital Command, Marine  
  20  1:33  Supply Depot  
  20  1:46  Marine  
  21  1:55  SCV, Factory  
  22  2:04  Marine  
  22  2:16  SCV  
  22  2:26  Marine  
  22  2:36  SCV  

Tags
 
Add a new tag
Caveats
  • Supply blocks, unpowered buildings, or Contaminate may cause inaccurate times.
  • Supply counts are checked every 10 seconds.